Map: Acid Plant LE

Players

miles - Winner!

  • Race: Zerg Zerg
  • Spawn Location: 11:00

A.I. 1 (Very Easy)

  • Race: Protoss Protoss
  • Spawn Location: 5:00

VOD

Have the link to the VOD?

Description

Time

  • Played on: Sept. 11, 2018, 3:25 p.m.
  • Length: 8:01
Show
View Real Time Build Order
Export as new Build Order

miles Zerg - Winner!

Build Orders: Hatch First 

Get SALT Encoding   

  12  0:03  Drone  
  13  0:13  Overlord  
  13  0:16  Drone  
  14  0:44  Hatchery  
  13  0:53  Drone x3  
  16  1:12  Extractor  
  16  1:15  Spawning Pool  
  16  1:16  Drone  
  15  1:19  Drone  
  16  1:27  Drone  
  17  1:40  Drone  
  18  1:48  Overlord  
  18  1:57  Drone  
  19  2:03  Drone  
  20  2:15  Drone x2  
  20  2:16  Metabolic Boost  
  20  2:20  Drone x2  
  24  2:31  Drone x2  
  26  2:41  Drone x2  
  28  2:45  Hatchery  
  27  2:52  Overlord  
  27  2:53  Drone  
  28  3:10  Zergling x4  
  28  3:12  Overlord  
  30  3:18  Overlord  
  30  3:24  Extractor  
  30  3:25  Drone x2  
  31  3:30  Spore Crawler  
  30  3:41  Zergling x4  
  31  3:46  Drone x2  
  34  3:56  Drone  
  34  3:58  Queen x2  
  39  4:03  Lair  
  39  4:08  Drone x5  
  44  4:34  Extractor x2, Queen  
  44  4:35  Drone x3  
  44  4:36  Drone x3  
  50  4:39  Overlord  
  50  4:40  Overlord  
  50  4:46  Roach Warren  
  50  4:47  Drone  
  50  4:53  Spore Crawler  
  49  5:05  Spore Crawler  
  48  5:08  Drone x3, Spine Crawler  
  48  5:09  Drone x3  
  53  5:18  Drone  
  53  5:19  Drone x2  
  56  5:32  Queen  
  56  5:33  Glial Reconstitution  
  60  5:35  Roach  
  60  5:36  Roach x7  
  60  5:40  Overlord x2  
  73  6:03  Roach  
  73  6:04  Roach x9  
  90  6:24  Overlord x4  
  90  6:30  Extractor  
  90  6:31  Extractor  
  88  6:39  Spore Crawler  
  87  6:41  Drone  
  87  6:42  Drone x6  
  94  6:52  Drone x2, Infestation Pit  
  95  7:30  Roach  
  95  7:31  Roach x11  
  119  7:45  Ravager  
  120  7:55  Hydralisk Den  
Show
View Real Time Build Order
Export as new Build Order

A.I. 1 (Very Easy) Protoss 

Build Orders:  

Get SALT Encoding   

  12  0:00  Probe  
  13  0:13  Probe  
  14  0:20  Pylon  
  14  0:36  Assimilator  
  14  0:42  Gateway  
  14  0:46  Pylon  
  14  1:15  Assimilator  
  14  1:18  Probe  
  15  1:26  Probe  
  16  1:33  Cybernetics Core  
  16  1:34  Probe  
  17  1:44  Probe  
  18  1:55  Probe  
  18  2:00  Warp Gate  
  19  2:03  Probe  
  20  2:11  Stalker  
  22  5:10  Probe  
  22  5:35  Probe  
  22  5:36  Zealot  
  22  5:39  Pylon  
  22  5:40  Robotics Facility  
  25  5:47  Probe  
  20  5:59  Probe  
  19  6:07  Probe  
  20  6:15  Probe  
  20  6:25  Probe  
  21  6:27  Observer  
  23  6:33  Zealot  
  23  6:37  Probe  
  26  6:49  Probe, Observer  
  28  7:01  Probe  
  28  7:09  Probe  
  28  7:14  Zealot  
  31  7:16  Pylon  
  31  7:17  Probe  
  25  7:40  Nexus, Pylon  
Tags
 
Matchup
PvZ
Spawn Locations
Cross Positions
Add a new tag
Caveats
  • Supply blocks, unpowered buildings, or Contaminate may cause inaccurate times.
  • Supply counts are checked every 10 seconds.